 Dungeon Crawl Stone Soup version 0.28-a0-773-g130ae17fe5 (webtiles) character file.

Game seed: 6322632603595324068

13 karkarkar the Skirmisher (level 2, 0/19 HPs)
             Began as a Gargoyle Fighter on Nov 1, 2021.
             Slain by a kobold (3 damage)
             ... on level 1 of the Dungeon.
             The game lasted 00:00:30 (271 turns).

karkarkar the Skirmisher (Gargoyle Fighter)          Turns: 271, Time: 00:00:31

Health: 0/19       AC:  9    Str: 19    XL:     2   Next: 37%
Magic:  2/2        EV:  9    Int:  8    God:
Gold:   0          SH:  4    Dex:  9    Spells: 1/1 levels left

rFire   . . .      SeeInvis .   a - +0 flail
rCold   . . .      Faith    .   c - +0 buckler
rNeg    + . .      Spirit   .   b - +0 scale mail
rPois   ∞          Reflect  .   (no helmet)
rElec   +          Harm     .   (no cloak)
rCorr   .          Rampage  .   (no gloves)
Will    .....                   (no boots)
Stlth   ..........              (no amulet)
HPRegen 0.06/turn               (no ring)
MPRegen 0.08/turn               (no ring)

@: no status effects
A: sickness immunity, AC +2, negative energy resistance 1, electricity
resistance, torment resistance 1, petrification resistance
a: no special abilities


You were on level 1 of the Dungeon.
You visited 1 branch of the dungeon, and saw 1 of its levels.

Inventory:

Hand Weapons
 a - a +0 flail (weapon)
Armour
 b - a +0 scale mail (worn)
 c - a +0 buckler (worn)
Potions
 d - a potion of might


   Skills:
 + Level 3.5 Fighting
 + Level 2.2 Maces & Flails
 + Level 3.5 Armour
 + Level 3.4 Shields


You had one spell level left.
You didn't know any spells.
Your spell library was empty.

Dungeon Overview and Level Annotations

Branches:
Dungeon (1/15)

Altars:


Innate Abilities, Weirdness & Mutations

You are immune to sickness and miasma.
Your stone body is resilient. (AC +2)
You are immune to poison.
You resist negative energy. (rN+)
You are resistant to electric shocks. (rElec)
You are resistant to unholy torment.
You are immune to petrification.


Message History

The kobold hits you but does no damage. The goblin hits you with a +0 club.
You hit the kobold.
You kill the kobold!
The bat hits you but does no damage. The goblin hits you but does no damage.
The goblin hits you with a +0 club. The bat hits you but does no damage.
The bat barely misses you.
You hit the bat.
The bat is moderately wounded.
The bat hits you but does no damage. x2
You hit the bat but do no damage.
The bat is moderately wounded.
The bat barely misses you. x2
You completely miss the bat. The bat hits you but does no damage.
The bat barely misses you.
You barely miss the bat. The bat hits you but does no damage.
You block the bat's attack.
You barely miss the bat.
The bat barely misses you. x2; The bat hits you.
You hit the bat.
You kill the bat!
You closely miss the goblin. You block the goblin's attack.
The goblin barely misses you.
You barely miss the goblin.
A kobold comes into view. It is wielding a +0 club.
The goblin hits you with a +0 club.
* * * LOW HITPOINT WARNING * * *
You hit the goblin.
You kill the goblin!
The kobold throws a stone.
The stone hits you but does no damage.
The kobold throws a stone.
You block the stone.
You see here a +0 club.
The kobold throws a stone.
You block the stone.
You are too injured to fight recklessly!
You are too injured to fight recklessly!
You are too injured to fight recklessly!
You are too injured to fight recklessly!
You closely miss the kobold. The kobold hits you but does no damage.
You hit the kobold.
The kobold is moderately wounded.
The kobold hits you with a +0 club.
You die...

#.. ... .. .. ###b
#### ... ..# #
#[#.###.###..#.
#..).)K........
.....#.###@#######
.#. #......##..
#####..##.# ######
#...#.# #....#
#.#.#.### #.##.#
..#.......# #.##.#
...........#
#.##.#
............#
#.##.#
..###...#...#
#.##.##


You could see a kobold.

Vanquished Creatures
  A ball python (D:1)
  An endoplasm (D:1)
  A giant cockroach (D:1)
  2 goblins (D:1)
  2 kobolds (D:1)
  A quokka (D:1)
  A bat (D:1)
  A frilled lizard (D:1)
  A rat (D:1)
11 creatures vanquished.

Notes
Turn   | Place    | Note
-------+----------+-------------------------------------------
     0 | D:1      | karkarkar the Gargoyle Fighter began the quest for the Orb.
     0 | D:1      | Reached XP level 1. HP: 14/14 MP: 1/1
   197 | D:1      | Reached XP level 2. HP: 19/19 MP: 2/2
   271 | D:1      | Slain by a kobold

Illustrated notes

Levels and vault maps discovered:
D:1:      dpeg_arrival_water_altar, layout_basic

Action                   || total
-------------------------++-------
Melee: Flail             ||    34
Armor: Scale mail        ||    24
Dodge: Dodged            ||    20
Block: Buckler           ||    10

Table legend: (Time is in decaauts)
 A = Elapsed time spent in this place.
 B = Non-inter-level travel time spent in this place.
 C = Inter-level travel time spent in this place.
 D = Time resting spent in this place.
 E = Time spent auto-exploring this place.
 F = Levels seen in this place.
 G = Mean time per level.
                   A        B        C        D        E       F      G
               +--------+--------+--------+--------+--------+-----+--------+
         Total |    281 |    281 |      0 |      0 |    203 |   1 |  281.0 |
       Dungeon |    281 |    281 |      0 |      0 |    203 |   1 |  281.0 |
               +--------+--------+--------+--------+--------+-----+--------+

Top non-repeatable levels by time:
     D:1: 281 daAuts
